3L
BROOKLYN DODGERS @ CAPITAL DISTRICT RED KNIGHTS
07/28/2024
 
TOP OF THE 1ST
Brooklyn Dodgers batting - Pitching for Capital District Red Knights : LHP Phil Frost
Pitching: LHP Phil Frost
Batting: LHB Ron Bascombe 0-0: Called Strike
0-1: Called Strike
0-2: Ball
1-2: Ball
2-2: Foul Ball, location: 2F
2-2: Foul Ball, location: 2F
2-2: SINGLE (Line Drive, 7LS)
Batting: RHB Thom Wilcox 0-0: Swinging Strike
0-1: Ball
1-1: 2-RUN HOME RUN (Flyball, 78XD), Distance : 382 ft
Batting: SHB Leonard O'Connor 0-0: Ball
1-0: Ball
2-0: Fly out, F9 (Flyball, 89D)
Batting: RHB Chris Teague 0-0: Called Strike
0-1: Ball
1-1: SOLO HOME RUN (Flyball, 78XD), Distance : 392 ft
Batting: LHB Avon Barksdale 0-0: Foul Ball, location: 2F
0-1: Ball
1-1: Ball
2-1: Ground out 4-3 (Groundball, 4M)
Batting: RHB Gustavo Mateo 0-0: Ball
1-0: Hit by Pitch
Batting: RHB Oliver Aranda 0-0: Ball
1-0: Foul Ball, location: 2F
1-1: Ball
2-1: Ball
3-1: Swinging Strike
3-2: Strikes out swinging
Top of the 1st over - 3 run(s), 3 hit(s), 0 error(s), 1 left on base; Brooklyn 3 - Capital District 0
BOTTOM OF THE 1ST
Capital District Red Knights batting - Pitching for Brooklyn Dodgers : RHP Brian Morris
Pitching: RHP Brian Morris
Batting: RHB Manny Carbajal 0-0: Called Strike
0-1: Ball
1-1: Ball
2-1: Ball
3-1: Foul Ball, location: 2F
3-2: Fly out, F9 (Flyball, 89M)
Batting: RHB Mark Field 0-0: Ball
1-0: Foul Ball, location: 2F
1-1: Called Strike
1-2: Foul Ball, location: 2F
1-2: Foul Ball, location: 2F
1-2: Ground out 5-3 (Groundball, 5)
Batting: LHB Leonardo López 0-0: Ball
1-0: Swinging Strike
1-1: Ball
2-1: Foul Ball, location: 2F
2-2: Ball
3-2: Strikes out looking
Bottom of the 1st over - 0 run(s), 0 hit(s), 0 error(s), 0 left on base; Brooklyn 3 - Capital District 0
TOP OF THE 2ND
Brooklyn Dodgers batting - Pitching for Capital District Red Knights : LHP Phil Frost
Batting: RHB Josh Stafford 0-0: Ground out 6-3 (Groundball, 6)
Batting: RHB Vincent Crane 0-0: Ball
1-0: Called Strike
1-1: Ball
2-1: Swinging Strike
2-2: Ball
3-2: Base on Balls
Batting: LHB Ron Bascombe 0-0: Ball
1-0: Fly out, F8 (Flyball, 8RM)
Batting: RHB Thom Wilcox 0-0: Ball
1-0: Called Strike
1-1: Ball
2-1: Called Strike
2-2: Foul Ball, location: 2F
2-2: Ball
3-2: Strikes out looking
Top of the 2nd over - 0 run(s), 0 hit(s), 0 error(s), 1 left on base; Brooklyn 3 - Capital District 0
BOTTOM OF THE 2ND
Capital District Red Knights batting - Pitching for Brooklyn Dodgers : RHP Brian Morris
Batting: SHB Bernardo Hernández 0-0: Foul Ball, location: 2F
0-1: Ball
1-1: Ball
2-1: Swinging Strike
2-2: SINGLE (Groundball, 5L)
Batting: RHB Danilo Mosca 0-0: Ball
1-0: Called Strike
1-1: Ball
2-1: Ball
3-1: Foul Ball, location: 2F
3-2: Fly out, F8 (Flyball, 8RS)
Batting: RHB Iván Miranda 0-0: Ball
1-0: Called Strike
1-1: Reached on error, E5 (Groundball, 56)
Bernardo Hernández to second
Batting: RHB Jason Weston 0-0: Ball
1-0: Ball
2-0: Called Strike
2-1: DOUBLE (Flyball, 8RXD)
Bernardo Hernández scores
Iván Miranda to third
Batting: RHB Chang-bum Pak 0-0: Ball
1-0: SINGLE (Groundball, 56D)
Iván Miranda scores
Jason Weston to third
Batting: LHB Roberto Marino 0-0: Ball
1-0: Ball
2-0: Ball
3-0: Called Strike
3-1: Base on Balls
Chang-bum Pak to second
Batting: RHB Manny Carbajal 0-0: Called Strike
0-1: Ball
1-1: Ball
2-1: Ball
3-1: Ground out 5-3 (Groundball, 5S)
Jason Weston scores
Chang-bum Pak to third
Roberto Marino to second
Batting: RHB Mark Field 0-0: Fly out, F8 (Flyball, 8RM)
Bottom of the 2nd over - 3 run(s), 3 hit(s), 1 error(s), 2 left on base; Brooklyn 3 - Capital District 3
TOP OF THE 3RD
Brooklyn Dodgers batting - Pitching for Capital District Red Knights : LHP Phil Frost
Batting: SHB Leonard O'Connor 0-0: Ground out 4-3 (Groundball, 4)
Batting: RHB Chris Teague 0-0: Called Strike
0-1: Fly out, F9 (Flyball, 9LD)
Batting: LHB Avon Barksdale 0-0: Swinging Strike
0-1: Ball
1-1: Ball
2-1: Foul Ball, location: 2F
2-2: Fly out, F9 (Flyball, 9D)
Top of the 3rd over - 0 run(s), 0 hit(s), 0 error(s), 0 left on base; Brooklyn 3 - Capital District 3
BOTTOM OF THE 3RD
Capital District Red Knights batting - Pitching for Brooklyn Dodgers : RHP Brian Morris
Batting: LHB Leonardo López 0-0: Swinging Strike
0-1: Foul Ball, location: 2F
0-2: Ground out 4-3 (Groundball, 4)
Batting: SHB Bernardo Hernández 0-0: Ball
1-0: Swinging Strike
1-1: Ball
2-1: Ball
3-1: Called Strike
3-2: SINGLE (Line Drive, 89S)
Batting: RHB Danilo Mosca 0-0: Ball
1-0: Ball
2-0: Ball
3-0: Called Strike
3-1: Base on Balls
Bernardo Hernández to second
Batting: RHB Iván Miranda 0-0: Called Strike
0-1: Ball
1-1: Swinging Strike
1-2: Ball
2-2: Ball
3-2: Base on Balls
Bernardo Hernández to third
Danilo Mosca to second
Batting: RHB Jason Weston 0-0: Called Strike
0-1: Ball
1-1: Ball
2-1: Foul Ball, location: 2F
2-2: Strikes out swinging
Batting: RHB Chang-bum Pak 0-0: Called Strike
0-1: Fly out, F9 (Flyball, 89XD)
Bottom of the 3rd over - 0 run(s), 1 hit(s), 0 error(s), 3 left on base; Brooklyn 3 - Capital District 3
TOP OF THE 4TH
Brooklyn Dodgers batting - Pitching for Capital District Red Knights : LHP Phil Frost
Batting: RHB Gustavo Mateo 0-0: Ball
1-0: Called Strike
1-1: Ball
2-1: Fly out, F9 (Flyball, 89D)
Batting: RHB Oliver Aranda 0-0: Foul Ball, location: 2F
0-1: Ground out 5-3 (Groundball, 5)
Batting: RHB Josh Stafford 0-0: Ground out U3 (Groundball, 3S)
Top of the 4th over - 0 run(s), 0 hit(s), 0 error(s), 0 left on base; Brooklyn 3 - Capital District 3
BOTTOM OF THE 4TH
Capital District Red Knights batting - Pitching for Brooklyn Dodgers : RHP Brian Morris
Batting: LHB Roberto Marino 0-0: Ball
1-0: SINGLE (Groundball, 4M)
Batting: RHB Manny Carbajal 0-0: Foul Ball, location: 2F
0-1: Ball
1-1: Foul Ball, location: 2F
1-2: Grounds into double play, 5-4-3 (Groundball, 5)
Batting: RHB Mark Field 0-0: Fly out, F7 (Flyball, 78M)
Bottom of the 4th over - 0 run(s), 1 hit(s), 0 error(s), 0 left on base; Brooklyn 3 - Capital District 3
TOP OF THE 5TH
Brooklyn Dodgers batting - Pitching for Capital District Red Knights : LHP Phil Frost
Batting: RHB Vincent Crane 0-0: Foul Ball, location: 2F
0-1: Ball
1-1: Called Strike
1-2: Strikes out swinging
Batting: LHB Ron Bascombe 0-0: Called Strike
0-1: Called Strike
0-2: Strikes out swinging
Batting: RHB Thom Wilcox 0-0: Ball
1-0: Ball
2-0: Ball
3-0: Called Strike
3-1: Base on Balls
Batting: SHB Leonard O'Connor 0-0: Called Strike
0-1: Fly out, F9 (Flyball, 9M)
Top of the 5th over - 0 run(s), 0 hit(s), 0 error(s), 1 left on base; Brooklyn 3 - Capital District 3
BOTTOM OF THE 5TH
Capital District Red Knights batting - Pitching for Brooklyn Dodgers : RHP Brian Morris
Batting: LHB Leonardo López 0-0: Ground out 4-3 (Groundball, 4)
Batting: SHB Bernardo Hernández 0-0: Ball
1-0: Ball
2-0: Ball
3-0: Base on Balls
Batting: RHB Danilo Mosca 0-0: Called Strike
0-1: Ball
Passed Ball!
Bernardo Hernández to second
1-1: Called Strike
1-2: Strikes out swinging
Batting: RHB Iván Miranda 0-0: Ball
1-0: Fly out, F9 (Flyball, 89M)
Bottom of the 5th over - 0 run(s), 0 hit(s), 0 error(s), 1 left on base; Brooklyn 3 - Capital District 3
TOP OF THE 6TH
Brooklyn Dodgers batting - Pitching for Capital District Red Knights : LHP Phil Frost
Batting: RHB Chris Teague 0-0: Ball
1-0: Ball
2-0: Foul Ball, location: 2F
2-1: Ball
3-1: Base on Balls
Batting: LHB Avon Barksdale 0-0: Called Strike
0-1: Ball
1-1: SINGLE (Line Drive, 3D)
Chris Teague to second
Batting: RHB Gustavo Mateo 0-0: Called Strike
0-1: Ball
1-1: Fly out, F8 (Flyball, 8LD)
Runner from 2nd tags up, SAFE at 3rd, no throw
Batting: RHB Oliver Aranda 0-0: Ball
1-0: Ball
2-0: Foul Ball, location: 2F
2-1: Ball
3-1: Grounds into double play, 6-4-3 (Groundball, 6M)
Top of the 6th over - 0 run(s), 1 hit(s), 0 error(s), 1 left on base; Brooklyn 3 - Capital District 3
BOTTOM OF THE 6TH
Capital District Red Knights batting - Pitching for Brooklyn Dodgers : RHP Brian Morris
Batting: RHB Jason Weston 0-0: Ball
1-0: Called Strike
1-1: SINGLE (Line Drive, 78S)
Batting: RHB Chang-bum Pak 0-0: Bunted foul
0-1: Bunt missed!
0-2: Ball
1-2: Ball
2-2: Fly out, F8 (Flyball, 8RM)
Batting: LHB Roberto Marino 0-0: Ball
1-0: Ball
2-0: Foul Ball, location: 2F
2-1: Grounds into double play, 6-4-3 (Groundball, 6M)
Bottom of the 6th over - 0 run(s), 1 hit(s), 0 error(s), 0 left on base; Brooklyn 3 - Capital District 3
TOP OF THE 7TH
Brooklyn Dodgers batting - Pitching for Capital District Red Knights : LHP Phil Frost
Pitching: RHP Marlon Miller
Pinch Hitting: SHB Juan Rivas 0-0: Ball
1-0: Foul Ball, location: 2F
1-1: Fly out, F7 (Flyball, 7M)
Pitching: LHP Jeffery Howell
Batting: RHB Vincent Crane 0-0: Swinging Strike
0-1: Called Strike
0-2: Ball
1-2: Ball
2-2: Strikes out looking
Batting: LHB Ron Bascombe 0-0: Ball
1-0: Ball
2-0: Ball
3-0: Ground out 4-3 (Groundball, 4)
Top of the 7th over - 0 run(s), 0 hit(s), 0 error(s), 0 left on base; Brooklyn 3 - Capital District 3
BOTTOM OF THE 7TH
Capital District Red Knights batting - Pitching for Brooklyn Dodgers : RHP Brian Morris
Now at 2B: Juan Rivas
Batting: RHB Manny Carbajal 0-0: Ball
1-0: Ground out 6-3 (Groundball, 56)
Batting: RHB Mark Field 0-0: Called Strike
0-1: Foul Ball, location: 2F
0-2: Ball
1-2: Foul Ball, location: 2F
1-2: Ground out 6-3 (Groundball, 6)
Batting: LHB Leonardo López 0-0: Called Strike
0-1: Swinging Strike
0-2: Strikes out swinging
Bottom of the 7th over - 0 run(s), 0 hit(s), 0 error(s), 0 left on base; Brooklyn 3 - Capital District 3
TOP OF THE 8TH
Brooklyn Dodgers batting - Pitching for Capital District Red Knights : LHP Jeffery Howell
Batting: RHB Thom Wilcox 0-0: Ball
1-0: Ball
2-0: Ball
3-0: Base on Balls
Batting: SHB Leonard O'Connor 0-0: Foul Ball, location: 2F
0-1: Fly out, F7 (Flyball, 78XD)
Batting: RHB Chris Teague 0-0: Swinging Strike
0-1: Ball
1-1: Ball
2-1: Foul Ball, location: 2F
2-2: Strikes out swinging
Pinch Hitting: SHB Felipe Cisneros 0-0: Ball
1-0: Ball
2-0: Ball
3-0: Base on Balls
Thom Wilcox to second
Pinch Runner at 2nd Raymond Bright:
Batting: RHB Gustavo Mateo 0-0: Ball
1-0: Ball
2-0: Called Strike
2-1: Called Strike
2-2: Ball
3-2: Foul Ball, location: 2F
3-2: Foul Ball, location: 2F
3-2: Strikes out swinging
Top of the 8th over - 0 run(s), 0 hit(s), 0 error(s), 2 left on base; Brooklyn 3 - Capital District 3
BOTTOM OF THE 8TH
Capital District Red Knights batting - Pitching for Brooklyn Dodgers : RHP Brian Morris
Pitching: RHP Powell Horne
Now at 2B: Miguel Vidro
Pinch Hitting: RHB Barry Dempsey 0-0: Called Strike
0-1: Ball
1-1: Ground out 6-3 (Groundball, 56)
Batting: RHB Danilo Mosca 0-0: Ball
1-0: Swinging Strike
1-1: Ball
2-1: Foul Ball, location: 2F
2-2: Ball
3-2: Strikes out swinging
Batting: RHB Iván Miranda 0-0: Called Strike
0-1: Ball
1-1: Ball
2-1: Swinging Strike
2-2: Strikes out swinging
Bottom of the 8th over - 0 run(s), 0 hit(s), 0 error(s), 0 left on base; Brooklyn 3 - Capital District 3
TOP OF THE 9TH
Brooklyn Dodgers batting - Pitching for Capital District Red Knights : LHP Jeffery Howell
Pitching: RHP César Rivera
Now at SS: Joreăo Canosa
Batting: RHB Oliver Aranda 0-0: Called Strike
0-1: Ball
1-1: Called Strike
1-2: SINGLE (Line Drive, 56)
Batting: SHB Juan Rivas 0-0: Ball
1-0: Bunt missed!
1-1: Ball
2-1: Ball
3-1: Sac Bunt - play at first, batter OUT! 1-4
Oliver Aranda to second
Batting: RHB Vincent Crane 0-0: Called Strike
0-1: Ball
1-1: Ground out 5-3 (Groundball, 6S)
Oliver Aranda to third
Batting: LHB Ron Bascombe 0-0: Called Strike
0-1: Called Strike
0-2: Foul Ball, location: 2F
0-2: Strikes out swinging
Top of the 9th over - 0 run(s), 1 hit(s), 0 error(s), 1 left on base; Brooklyn 3 - Capital District 3
BOTTOM OF THE 9TH
Capital District Red Knights batting - Pitching for Brooklyn Dodgers : RHP Powell Horne
Batting: RHB Jason Weston 0-0: Ball
1-0: Ball
2-0: Ball
3-0: Base on Balls
Batting: RHB Chang-bum Pak 0-0: Bunt missed!
0-1: Sac Bunt - play at first, batter OUT! 5-4
Jason Weston to second
Batting: LHB Roberto Marino 0-0: Ball
1-0: Foul Ball, location: 2F
1-1: Ball
2-1: Ground out 1-3 (Groundball, 15S)
Pitching: RHP John Bailey
Batting: RHB Manny Carbajal 0-0: Ball
1-0: Ball
2-0: Foul Ball, location: 2F
2-1: Ball
3-1: Base on Balls
Batting: RHB Mark Field 0-0: Ball
1-0: Foul Ball, location: 2F
1-1: Swinging Strike
1-2: Foul Ball, location: 2F
1-2: Fly out, F9 (Line Drive, 89M)
Bottom of the 9th over - 0 run(s), 0 hit(s), 0 error(s), 2 left on base; Brooklyn 3 - Capital District 3
TOP OF THE 10TH
Brooklyn Dodgers batting - Pitching for Capital District Red Knights : RHP César Rivera
Batting: SHB Raymond Bright 0-0: Fly out, F7 (Flyball, 78S)
Batting: SHB Leonard O'Connor 0-0: Ball
1-0: Swinging Strike
1-1: Ball
2-1: Ball
3-1: Base on Balls
Batting: RHB Chris Teague 0-0: Called Strike
0-1: Ball
1-1: Ball
2-1: Called Strike
2-2: Ball
3-2: Base on Balls
Leonard O'Connor to second
Batting: RHB Miguel Vidro 0-0: Foul Ball, location: 2F
0-1: Ball
1-1: Called Strike
1-2: Ball
2-2: Strikes out swinging
Batting: RHB Gustavo Mateo 0-0: Ball
1-0: Fly out, F9 (Flyball, 9LS)
Top of the 10th over - 0 run(s), 0 hit(s), 0 error(s), 2 left on base; Brooklyn 3 - Capital District 3
BOTTOM OF THE 10TH
Capital District Red Knights batting - Pitching for Brooklyn Dodgers : RHP John Bailey
Batting: LHB Leonardo López 0-0: Ball
1-0: Ball
2-0: Called Strike
2-1: Ball
3-1: Called Strike
3-2: SINGLE (Groundball, 56D)
Batting: SHB Joreăo Canosa 0-0: Ball
Leonardo López is caught stealing 2nd base
1-0: Swinging Strike
1-1: Called Strike
1-2: Strikes out swinging
Batting: RHB Danilo Mosca 0-0: Ball
1-0: Swinging Strike
1-1: Foul Ball, location: 2F
1-2: Strikes out looking
Bottom of the 10th over - 0 run(s), 1 hit(s), 0 error(s), 0 left on base; Brooklyn 3 - Capital District 3
TOP OF THE 11TH
Brooklyn Dodgers batting - Pitching for Capital District Red Knights : RHP César Rivera
Pitching: RHP Paul Clark
Batting: RHB Oliver Aranda 0-0: Ball
1-0: Called Strike
1-1: Ball
2-1: Hit by Pitch
Batting: SHB Juan Rivas 0-0: Called Strike
Oliver Aranda steals 2nd base
0-1: SINGLE (Line Drive, 89S)
Oliver Aranda to third
Runner from 3rd tries for Home, SAFE, no throw or cutoff
Batting: RHB Vincent Crane 0-0: Called Strike
Juan Rivas is caught stealing 2nd base
0-1: Swinging Strike
0-2: Foul Ball, location: 2F
0-2: Strikes out swinging
Batting: LHB Ron Bascombe 0-0: Ball
1-0: Foul Ball, location: 2F
1-1: Ball
2-1: Foul Ball, location: 2F
2-2: Ball
3-2: Foul Ball, location: 2F
3-2: Ground out 3-1 (Groundball, 34S)
Top of the 11th over - 1 run(s), 1 hit(s), 0 error(s), 0 left on base; Brooklyn 4 - Capital District 3
BOTTOM OF THE 11TH
Capital District Red Knights batting - Pitching for Brooklyn Dodgers : RHP John Bailey
Pitching: RHP Folkert van Huizen
Batting: RHB Iván Miranda 0-0: Called Strike
0-1: Fly out, F4 (Popup, 4M)
Batting: RHB Jason Weston 0-0: Foul Ball, location: 2F
0-1: Ball
1-1: Foul Ball, location: 2F
1-2: Foul Ball, location: 2F
1-2: Ball
2-2: SINGLE (Groundball, 6MD)
Batting: RHB Chang-bum Pak 0-0: Ball
1-0: Ball
2-0: Ball
3-0: Base on Balls
Jason Weston to second
Batting: LHB Roberto Marino 0-0: Ball
1-0: Ball
2-0: Fly out, F8 (Line Drive, 8RM)
Batting: RHB Manny Carbajal 0-0: Called Strike
0-1: Fielders Choice at 2nd, 6-4 (Groundball, 6)
Bottom of the 11th over - 0 run(s), 1 hit(s), 0 error(s), 1 left on base; Brooklyn 4 - Capital District 3
This league is powered by Out of the Park Baseball, the baseball management simulation game for PC, Mac and Linux
Monday, October 3rd, 2016 - OOTP Baseball 16.9 Build 39